 Dungeon Crawl Stone Soup version 0.28.0-53-g5a82cb258f (webtiles) character file.

Game seed: 14320279466233914266

380 Tiocfaidh the Chopper (level 7, -2/52 HPs)
             Began as a Formicid Warper on July 3, 2022.
             Slain by a water moccasin (3 damage)
             ... on level 5 of the Dungeon.
             The game lasted 00:23:45 (5172 turns).

Tiocfaidh the Chopper (Formicid Warper)             Turns: 5172, Time: 00:23:45

Health: -2/52      AC:  6    Str: 16    XL:     7   Next: 5%
Magic:  10/10      EV: 11    Int: 12    God:
Gold:   165        SH:  0    Dex: 12    Spells: 10/10 levels left

rFire   . . .      SeeInvis +   t - +2 flail (protect)
rCold   . . .      Faith    .   (no shield)
rNeg    . . .      Spirit   .   f - +1 ring mail
rPois   .          Reflect  .   (helmet unavailable)
rElec   .          Harm     .   (no cloak)
rCorr   .          Rampage  .   (no gloves)
Will    .....                   (no boots)
Stlth   +.........              (no amulet)
HPRegen 0.17/turn               (no ring)
MPRegen 0.12/turn               (no ring)

@: lethally poisoned (-2 -> -9), weak-willed
A: permanent stasis, dig shafts and tunnels, antennae 3, four strong arms
a: Dig, Shaft Self


You were on level 5 of the Dungeon.
You visited 1 branch of the dungeon, and saw 5 of its levels.

You collected 165 gold pieces.

Inventory:

Hand Weapons
 g - a +5 hunting sling
 t - a +2 flail of protection (weapon)
Missiles
 j - 5 poisoned darts (quivered)
 s - 10 stones
Armour
 f - a +1 ring mail (worn)
Wands
 e - a wand of charming (12)
 q - a wand of digging (3)
Scrolls
 c - a scroll of fog {unknown}
 l - a scroll of enchant weapon
Potions
 d - 2 potions of magic
 m - a potion of curing
 n - 2 potions of berserk rage
 r - a potion of ambrosia {unknown}


   Skills:
 + Level 3.3 Fighting
 + Level 3.8(3.9) Axes
 + Level 0.8(2.5) Maces & Flails
 + Level 0.8(1.3) Slings
 + Level 1.5(1.6) Throwing
 + Level 3.8 Armour
 + Level 2.8 Dodging
 + Level 0.7 Stealth
 + Level 2.2 Spellcasting
 + Level 3.1 Translocations


You had 10 spell levels left.
You didn't know any spells.
Your spell library contained the following spells:

 Spells                   Type           Power      Damage    Failure   Level
 Gell's Gravitas          Tloc           8%         N/A       36%         3
 Lesser Beckoning         Tloc           8%         N/A       36%         3
 Teleport Other           Tloc           8%         N/A       36%         3
 Magic Dart               Conj           4%         1d3       43%         1
 Searing Ray              Conj           2%         2d4       58%         2
 Conjure Flame            Conj/Fire      1%         6-21      82%         3
 Ignite Poison            Fire/Tmut/Pois 1%         N/A       82%         3
 Ozocubu's Armour         Ice            1%         N/A       82%         3
 Manifold Assault         Tloc           8%         N/A       98%         5
 Fulminant Prism          Conj/Hex       0%         3d6       99%         4
 Sticky Flame             Conj/Fire      1%         2d3       99%         4
 Metabolic Englaciation   Hex/Ice        0%         N/A       100%        5
 Simulacrum               Ice/Necr       0%         N/A       100%        6
 Blink                    Tloc           Unusable   N/A       N/A         2

Dungeon Overview and Level Annotations

Branches:
Dungeon (5/15)
 Temple: D:4-7

Altars:
Ashenzari
Fedhas
Vehumet


Innate Abilities, Weirdness & Mutations

You cannot be hasted, slowed, berserked, paralysed or teleported.
You can dig through walls and to a lower floor.
You have a pair of large antennae on your head. (SInv)
Your four strong arms can wield two-handed weapons with a shield.


Message History

The bullfrog skeleton barely misses you.
The water moccasin barely misses you.
As you read the scroll labelled FAUWAD JUIGAYT, it crumbles to dust.
It is a scroll of enchant weapon.
Your +1 flail of protection glows red for a moment.
You feel very sick. The bullfrog skeleton misses you.
The water moccasin barely misses you.
The bullfrog skeleton hits you but does no damage.
As you read the scroll labelled SEVVIC OSKIKH, it crumbles to dust.
You hear a loud clanging noise!
It was a scroll of noise.
You feel very sick.
You hear an angry hiss.
You hear a shout! x3
The water moccasin closely misses you. The bullfrog skeleton hits you.
* * * LOW HITPOINT WARNING * * *
The water moccasin closely misses you.
Okay, then.
As you read the scroll labelled JEEXOS TIGHAO, it crumbles to dust.
You feel a strange sense of stasis.
It was a scroll of teleportation.
* * * LOW HITPOINT WARNING * * *
You feel very sick.
The bullfrog skeleton hits you but does no damage.
The water moccasin barely misses you.
As you read the scroll labelled ZASOSIK YKEUN, it crumbles to dust.
You feel aware of your surroundings.
You sensed 1 shop/portal.
It was a scroll of magic mapping.
* * * LOW HITPOINT WARNING * * *
You feel very sick.
The bullfrog skeleton closely misses you.
The water moccasin barely misses you.
A centaur skeleton comes into view.
As you read the scroll labelled TEPOCZATIU, it crumbles to dust.
Magic quickly surges around you.
It was a scroll of vulnerability.
* * * LOW HITPOINT WARNING * * *
You feel very sick.
The bullfrog skeleton hits you but does no damage.
The water moccasin barely misses you.
The bullfrog skeleton closely misses you.
The water moccasin bites you.
You die...

*,,,,*,,#....#...........#**,,,,,
***,,**.#....####........#,,,,,**
,*,,,,,...............##**,,*,**
,,,,,,,,*#...#..##.#...#***,,**
,,,,,,,,*#....<######..#,,,,**
,,,,,,,,,###....######(#,,***
,,,,,,,,,**##.###.##...#..#***
,,,,,,,<,..#.........(....#*,**
*,,,,,,,,.......@S..##.......,*
*,,,,,,,,#......Z.####..##[..,*
*,,,,,,,,#........#*,.....,..**
*^,,,,,,,##........,,.#..S.,.**
*,,,,,,,,.Z.....#.#.*#*#....,,**
,,,,,,,,,.......#....,*,....**,**
,,,,,,,,,......##.#*..,,,,,,,,,,*
,,,,,,,**..:...,...,...,,,,,**,**
,,,,,,,,**,,,,,,,,,,,,,,,,,,****


You could see a water moccasin (weak-willed), a bullfrog skeleton (weak-willed)
and a centaur skeleton (weak-willed).

Vanquished Creatures
  A water moccasin skeleton (D:4)
  An iguana (D:4)
  An orc wizard (D:4)
  4 gnolls
  6 adders
  A worm (D:2)
  4 dart slugs
  4 orcs (D:4)
  6 bats
  9 endoplasms
  2 giant cockroaches (D:1)
  5 goblins
  3 hobgoblins
  6 jackals (D:4)
  6 kobolds
  A quokka (D:2)
  6 ball pythons
  2 frilled lizards (D:1)
  7 rats
75 creatures vanquished.

Vanquished Creatures (collateral kills)
  An ogre (D:4)
1 creature vanquished.

Vanquished Creatures (others)
  An orc wizard (D:4)
  14 plants (D:1)
15 creatures vanquished.

Grand Total: 91 creatures vanquished

Notes
Turn   | Place    | Note
-------+----------+-------------------------------------------
     0 | D:1      | Tiocfaidh the Formicid Warper began the quest for the Orb.
     0 | D:1      | Reached XP level 1. HP: 16/16 MP: 3/3
   199 | D:1      | Reached XP level 2. HP: 7/22 MP: 5/5
   917 | D:1      | Reached XP level 3. HP: 23/28 MP: 6/6
  1045 | D:1      | Found a faded altar of an unknown god.
  1337 | D:2      | Found a blossoming altar of Fedhas.
  2012 | D:3      | Reached XP level 4. HP: 20/34 MP: 7/7
  3749 | D:2      | Reached XP level 5. HP: 39/39 MP: 8/8
  4394 | D:4      | Noticed an ogre
  4408 | D:4      | Killed an ogre
  4409 | D:4      | Reached XP level 6. HP: 47/47 MP: 9/9
  4453 | D:4      | Found a radiant altar of Vehumet.
  4535 | D:4      | Found a broken altar of Ashenzari.
  4909 | D:4      | Reached XP level 7. HP: 32/52 MP: 10/10
  5140 | D:5      | Entered Level 5 of the Dungeon
  5152 | D:5      | Noticed a water moccasin
  5172 | D:5      | HP: 1/52 [poisoned by a water moccasin]
  5172 | D:5      | Slain by a water moccasin

Illustrated notes

Levels and vault maps discovered:
D:1:      dpeg_arrival_central, layout_loops_ring,
          dilly_ecumenical_altar_fadedgnrine
D:2:      layout_basic, basic_altar, hangedman_feature_mirror
D:3:      layout_basic, amethyst_killhole
D:4:      layout_loops_ring, mainiacjoe_overflow_catch_the_wave
D:5:      layout_cave_pools, enter_ossuary_4

Skill      XL: |  1  2  3  4  5 |
---------------+----------------+-----
Translocations | 3 |  3.1
Dodging        | 2 |  2.8
Armour         | 2 3 |  3.8
Axes           | 3 |  3.8
Fighting       | 3 |  3.3
Maces & Flails | |  0.8
Slings         | |  0.8
Throwing       | |  1.5
Stealth        | |  0.7
Spellcasting   | |  2.2

Action                   |  1- 3 |  4- 6 |  7- 9 || total
-------------------------+-------+-------+-------++-------
Melee: Hand axe          |   122 |   133 |       ||   255
       Punch             |     1 |     3 |       ||     4
       Flail             |       |    38 |     5 ||    43
 Fire: Hunting sling     |       |    17 |     5 ||    22
Throw: Boomerang         |     5 |       |       ||     5
       Dart              |       |    14 |       ||    14
  Use: Scroll            |     3 |     3 |     6 ||    12
       Potion            |       |     2 |     1 ||     3
Armor: Leather armour    |     3 |       |       ||     3
       Ring mail         |    63 |    69 |     6 ||   138
Dodge: Dodged            |    74 |   112 |    17 ||   203
